[Event "EYCC O18-ch 2024"]
[Site "Prague"]
[Date "2024.08.30"]
[Round "8.18"]
[White "Stevik, Patrik"]
[Black "Borrmann, Laurenz"]
[Result "0-1"]
[ECO "B50"]
[WhiteElo "2244"]
[BlackElo "2427"]
[Annotator "RC"]
[PlyCount "96"]
[EventDate "2024.08.19"]
[EventType "swiss"]
[EventCountry "CZE"]
[SourceTitle "playchess.com"]
[Source "ChessBase"]
[SourceQuality "1"]
[TimeControl "5400+30"]

1. e4 c5 2. Nf3 d6 3. b4 cxb4 4. d4 Nf6 5. Nbd2 Qc7 6. Bd3 e5 7. Bb2 Nc6 8. h3 Be7 9. O-O O-O 10. Re1 Re8 11. Nc4 Bf8 12. Ne3 Bd7 13. d5 Ne7 14. g4 Ng6 15. Ng2 Qd8 16. Nh2 h6 17. h4 Nh7 18. h5 Nh4 19. Bc1 Ng5 20. Re3 Nxg2 21. Kxg2 Qc7 22. Nf1 Rec8 23. Rb1 a5 24. Rg3 Qd8 25. Ne3 Qf6 26. a3 bxa3 27. Rxb7 a2 28. Bd2 Rcb8 29. Rxb8 Rxb8 30. Qa1 a4 31. Qxa2 Qd8 32. Nf5 Qb6 33. Bc1 Qb4 34. Re3 g6 35. hxg6 fxg6 36. Nh4 Kg7 37. Ba3 Qd4 38. Nf3 Nxf3 39. Kxf3 Be7 40. Qc4 Qa1 41. Qc7 Qh1+ 42. Ke2 Bxg4+ 43. f3 Qg2+ 44. Kd1 Rb1+ 45. Bc1 Bxf3+ 46. Be2 Qf1+ 47. Kd2 Qxc1+ 48. Kd3 Rb3+ 0-1

[Event "EYCC O18-ch 2024"]
[Site "Prague"]
[Date "2024.08.31"]
[Round "9.1"]
[White "Razafindratsima, Timothe"]
[Black "Pasztor, Balazs"]
[Result "1-0"]
[ECO "B66"]
[WhiteElo "2457"]
[BlackElo "2402"]
[Annotator "RC"]
[PlyCount "145"]
[EventDate "2024.08.19"]
[EventType "swiss"]
[EventCountry "CZE"]
[SourceTitle "playchess.com"]
[Source "ChessBase"]
[SourceQuality "1"]
[TimeControl "5400+30"]

1. e4 c5 2. Nf3 d6 3. d4 cxd4 4. Nxd4 Nf6 5. Nc3 Nc6 6. Bg5 e6 7. Qd2 a6 8. Nxc6 bxc6 9. O-O-O Be7 10. Bxf6 gxf6 11. Bc4 Bb7 12. Bb3 Qc7 13. Rhe1 O-O-O 14. Qe2 h5 15. f4 Bf8 16. Kb1 Kb8 17. Qf2 d5 18. a3 Bd6 19. g3 h4 20. Ba2 hxg3 21. hxg3 Qa5 22. Qd4 e5 23. Qd3 exf4 24. exd5 fxg3 25. Qf3 Be5 26. dxc6 Bxc3 27. Qxg3+ Ka7 28. Qe3+ Kb8 29. Qg3+ Ka7 30. bxc3 Qb6+ 31. Bb3 Qxc6 32. Kb2 Ka8 33. Rxd8+ Rxd8 34. Re7 Qd6 35. Qxd6 Rxd6 36. Rxf7 Ka7 37. c4 Rc6 38. Kc3 Kb8 39. Ba4 Re6 40. Kd4 Bc8 41. c5 Bb7 42. Bd7 Re4+ 43. Kd3 Bd5 44. Rxf6 Rh4 45. Rd6 Be4+ 46. Kc3 Kc7 47. Ba4 Rh3+ 48. Kb2 Rh5 49. Rxa6 Rxc5 50. Rf6 Rc4 51. Bb3 Rc5 52. c4 Ra5 53. a4 Bc6 54. Ka3 Ra8 55. c5 Bd7 56. Kb4 Rb8+ 57. Kc3 Rh8 58. a5 Bb5 59. Kb4 Be2 60. Rf7+ Kc6 61. Ba4+ Kd5 62. Rd7+ Ke6 63. Rd6+ Ke5 64. a6 Rb8+ 65. Ka5 Rc8 66. a7 Rxc5+ 67. Kb6 Rc8 68. Rc6 Rf8 69. Rc5+ Kd6 70. Bc6 Bf3 71. Bxf3 Rxf3 72. a8=Q Rb3+ 73. Rb5 1-0

[Event "EYCC O18-ch 2024"]
[Site "Prague"]
[Date "2024.08.31"]
[Round "9.2"]
[White "Davtyan, Arsen"]
[Black "Sahakyan, Aleks"]
[Result "1-0"]
[ECO "C02"]
[WhiteElo "2402"]
[BlackElo "2287"]
[Annotator "RC"]
[PlyCount "43"]
[EventDate "2024.08.19"]
[EventType "swiss"]
[EventCountry "CZE"]
[SourceTitle "playchess.com"]
[Source "ChessBase"]
[SourceQuality "1"]
[TimeControl "5400+30"]

1. e4 e6 2. d4 d5 3. e5 c5 4. c3 Nc6 5. Nf3 Qb6 6. a3 Nh6 7. Bd3 cxd4 8. O-O Bd7 9. b4 Rc8 10. Ra2 Be7 11. b5 Na5 12. Bxh6 gxh6 13. Nxd4 Nc4 14. Re1 Rg8 15. a4 a5 16. Kh1 Rg7 17. f4 Bc5 18. Bf1 Bf8 19. Rf2 Kd8 20. Qf3 Qc5 21. Rd1 Nb2 22. Rxb2 1-0

[Event "EYCC O18-ch 2024"]
[Site "Prague"]
[Date "2024.08.31"]
[Round "9.3"]
[White "Macias Pino, Diego"]
[Black "Dehtiarov, Roman"]
[Result "1/2-1/2"]
[ECO "C92"]
[WhiteElo "2477"]
[BlackElo "2308"]
[Annotator "RC"]
[PlyCount "152"]
[EventDate "2024.08.19"]
[EventType "swiss"]
[EventCountry "CZE"]
[SourceTitle "playchess.com"]
[Source "ChessBase"]
[SourceQuality "1"]
[TimeControl "5400+30"]

1. e4 e5 2. Nf3 Nc6 3. Bb5 a6 4. Ba4 Nf6 5. O-O Be7 6. Re1 b5 7. Bb3 d6 8. c3 O-O 9. h3 Bb7 10. d4 Re8 11. Ng5 Rf8 12. Nf3 Re8 13. Nbd2 Bf8 14. Bc2 h6 15. d5 Nb8 16. b3 Nbd7 17. Nf1 c6 18. c4 Rc8 19. Ng3 g6 20. Bd2 Bg7 21. Rc1 Qe7 22. Bb4 cxd5 23. cxd5 Nc5 24. Ba5 h5 25. Bd2 Nh7 26. b4 Nd7 27. Be3 Qd8 28. Nd2 Nb6 29. Bd3 Na4 30. Nb3 Qd7 31. Qd2 Bf6 32. Na5 Rxc1 33. Rxc1 Rc8 34. Bc2 Bd8 35. Nxb7 Qxb7 36. Bxa4 bxa4 37. Rxc8 Qxc8 38. Qd3 Bg5 39. Bxg5 Nxg5 40. Ne2 a3 41. Qc3 Qb7 42. Qc4 Qb6 43. Kf1 Kg7 44. f3 f6 45. Qc3 Qb5 46. Qxa3 f5 47. Qe3 Nf7 48. exf5 gxf5 49. Qb3 f4 50. a4 Qb6 51. Qc3 Kg6 52. Qd3+ Kf6 53. b5 axb5 54. axb5 Nh6 55. g4 fxg3 56. Nxg3 h4 57. Ne4+ Ke7 58. Nd2 Nf7 59. Kg2 Qa5 60. Ne4 Qa2+ 61. Kf1 Qa1+ 62. Ke2 Qb2+ 63. Nd2 Kf8 64. Qb3 Qxb3 65. Nxb3 Ke7 66. Kf2 Kd7 67. b6 Ng5 68. Kg2 Nh7 69. Na5 Nf6 70. Nc4 Nxd5 71. b7 Kc7 72. Nxd6 Nf4+ 73. Kh2 Ng6 74. Kg1 Nf4 75. Kh2 Ng6 76. Kg1 Nf4 1/2-1/2

[Event "EYCC O18-ch 2024"]
[Site "Prague"]
[Date "2024.08.31"]
[Round "9.4"]
[White "Belkaid, Sohan"]
[Black "Stalmach, Richard"]
[Result "1-0"]
[ECO "B94"]
[WhiteElo "2384"]
[BlackElo "2443"]
[Annotator "RC"]
[PlyCount "83"]
[EventDate "2024.08.19"]
[EventType "swiss"]
[EventCountry "CZE"]
[SourceTitle "playchess.com"]
[Source "ChessBase"]
[SourceQuality "1"]
[TimeControl "5400+30"]

1. e4 c5 2. Nf3 d6 3. d4 cxd4 4. Nxd4 Nf6 5. Nc3 a6 6. Bg5 Nbd7 7. a3 h6 8. Be3 Qc7 9. Qd2 e6 10. f3 b5 11. O-O-O Bb7 12. Kb1 Be7 13. Be2 O-O 14. g4 d5 15. h4 dxe4 16. g5 Nd5 17. Nxd5 Bxd5 18. gxh6 g6 19. h5 Rac8 20. Rhg1 Kh7 21. fxe4 Bxe4 22. Bd3 Bxd3 23. Qxd3 Ne5 24. hxg6+ fxg6 25. Qe4 Rf6 26. Bg5 Rf5 27. Bxe7 Qxe7 28. Nxf5 exf5 29. Qe2 Qf6 30. Rge1 Nf7 31. Qe7 Rc6 32. Rd7 Qxe7 33. Rexe7 Kxh6 34. Rxf7 Rc4 35. Rf6 Rg4 36. Rd5 Kg5 37. Rdd6 Kh5 38. Rxa6 f4 39. Rab6 Rg1+ 40. Ka2 g5 41. Rxb5 Kh4 42. a4 1-0

[Event "EYCC O18-ch 2024"]
[Site "Prague"]
[Date "2024.08.31"]
[Round "9.5"]
[White "Smolik, Jachym"]
[Black "Piliposyan, Robert"]
[Result "1/2-1/2"]
[ECO "A13"]
[WhiteElo "2290"]
[BlackElo "2376"]
[Annotator "RC"]
[PlyCount "89"]
[EventDate "2024.08.19"]
[EventType "swiss"]
[EventCountry "CZE"]
[SourceTitle "playchess.com"]
[Source "ChessBase"]
[SourceQuality "1"]
[TimeControl "5400+30"]

1. c4 e6 2. Nc3 d5 3. e3 Nf6 4. Nf3 Nbd7 5. b3 b6 6. cxd5 exd5 7. Bb2 Bb7 8. Ne2 c5 9. Ng3 g6 10. Rc1 Bg7 11. d4 O-O 12. Be2 Qe7 13. O-O Ne4 14. Rc2 f5 15. Bb5 Rac8 16. Ne2 a6 17. Bxd7 Qxd7 18. Nf4 Rfe8 19. h4 c4 20. Ne5 Qb5 21. f3 Nd6 22. Ba3 Nf7 23. bxc4 Qa4 24. Bb2 dxc4 25. h5 g5 26. Ne2 Qxa2 27. Ng3 Nxe5 28. dxe5 c3 29. Bxc3 Qe6 30. f4 gxf4 31. exf4 Bf8 32. Kh2 Red8 33. Rd2 Rxd2 34. Qxd2 Rc7 35. Bb4 Rd7 36. Qb2 Bxb4 37. Qxb4 Qa2 38. Rg1 Rd2 39. Nxf5 Rxg2+ 40. Kh3 Rxg1 41. Nh6+ Kg7 42. Nf5+ Kg8 43. Nh6+ Kg7 44. Nf5+ Kg8 45. Nh6+ 1/2-1/2

[Event "EYCC O18-ch 2024"]
[Site "Prague"]
[Date "2024.08.31"]
[Round "9.6"]
[White "Sokolovsky, Yahli"]
[Black "Gasparyan, Erik R."]
[Result "1/2-1/2"]
[ECO "C80"]
[WhiteElo "2522"]
[BlackElo "2350"]
[Annotator "RC"]
[PlyCount "84"]
[EventDate "2024.08.19"]
[EventType "swiss"]
[EventCountry "CZE"]
[SourceTitle "playchess.com"]
[Source "ChessBase"]
[SourceQuality "1"]
[TimeControl "5400+30"]

1. e4 e5 2. Nf3 Nc6 3. Bb5 a6 4. Ba4 Nf6 5. O-O Nxe4 6. d4 Be7 7. Re1 b5 8. Rxe4 d5 9. Nxe5 Nxe5 10. Rxe5 bxa4 11. Qe2 Be6 12. f4 Kf8 13. f5 Bd7 14. b3 Bf6 15. Ba3+ Kg8 16. Be7 Bxe7 17. Rxe7 Be6 18. Rxe6 fxe6 19. Qxe6+ Kf8 20. Nc3 Qd6 21. Nxd5 Re8 22. Qxd6+ cxd6 23. bxa4 g6 24. Rb1 gxf5 25. Rb7 Re2 26. Nf4 Re7 27. Rb8+ Re8 28. Rb7 Re7 29. Rb8+ Re8 30. Rb6 Re4 31. g3 Kf7 32. c3 Rc8 33. Rb7+ Re7 34. Rb3 Rc4 35. Nd5 Re2 36. Rb7+ Kf8 37. Rb8+ Re8 38. Rb2 Rxa4 39. Kf2 Kg7 40. Kf3 Ra5 41. Rb7+ Kg6 42. Nf4+ Kh6 1/2-1/2

[Event "EYCC O18-ch 2024"]
[Site "Prague"]
[Date "2024.08.31"]
[Round "9.7"]
[White "Malek, Jan"]
[Black "Talibov, Shiroghlan"]
[Result "1/2-1/2"]
[ECO "E46"]
[WhiteElo "2482"]
[BlackElo "2395"]
[Annotator "RC"]
[PlyCount "59"]
[EventDate "2024.08.19"]
[EventType "swiss"]
[EventCountry "CZE"]
[SourceTitle "playchess.com"]
[Source "ChessBase"]
[SourceQuality "1"]
[TimeControl "5400+30"]

1. d4 Nf6 2. c4 e6 3. Nc3 Bb4 4. e3 O-O 5. Bd2 c5 6. a3 Bxc3 7. Bxc3 Ne4 8. Ne2 b6 9. d5 Ba6 10. b3 b5 11. Qc2 exd5 12. cxd5 Nxc3 13. Qxc3 d6 14. Ng3 Nd7 15. Be2 Nf6 16. Qd2 g6 17. e4 Re8 18. f3 c4 19. b4 Qb6 20. h4 h5 21. Nf5 Re5 22. Qh6 gxf5 23. Qxf6 fxe4 24. fxe4 Qe3 25. Rf1 Qc3+ 26. Kf2 Rf8 27. Bf3 Qd4+ 28. Kg3 Rxd5 29. Qxd4 Rxd4 30. Rad1 1/2-1/2

[Event "EYCC O18-ch 2024"]
[Site "Prague"]
[Date "2024.08.31"]
[Round "9.8"]
[White "Rozen, Eytan"]
[Black "Xhembulla, Aleksander"]
[Result "1-0"]
[ECO "A14"]
[WhiteElo "2478"]
[BlackElo "2201"]
[Annotator "RC"]
[PlyCount "91"]
[EventDate "2024.08.19"]
[EventType "swiss"]
[EventCountry "CZE"]
[SourceTitle "playchess.com"]
[Source "ChessBase"]
[SourceQuality "1"]
[TimeControl "5400+30"]

1. c4 e6 2. Nf3 Nf6 3. g3 d5 4. Bg2 Be7 5. O-O O-O 6. d3 c5 7. cxd5 exd5 8. d4 h6 9. Nc3 Nc6 10. dxc5 Bxc5 11. b3 Re8 12. Bb2 a6 13. e3 Ba7 14. Ne2 Bf5 15. Nfd4 Be4 16. Nxc6 bxc6 17. Rc1 Rc8 18. Bxe4 Nxe4 19. Qd3 Qa5 20. Nd4 c5 21. Nf5 c4 22. bxc4 dxc4 23. Qd7 Qc7 24. Qxc7 Rxc7 25. Nxg7 Rd8 26. Be5 Re7 27. Bd4 Bxd4 28. Nf5 Bf6 29. Nxe7+ Bxe7 30. Rxc4 Nd2 31. Rg4+ Kf8 32. Rc1 Nf3+ 33. Kg2 Ne5 34. Rd4 Rxd4 35. exd4 Nd3 36. Rc6 a5 37. Rxh6 a4 38. Rc6 a3 39. Rc3 Nb2 40. h4 Bb4 41. Rc8+ Kg7 42. d5 Nd3 43. f4 Nc5 44. Rc6 Nd7 45. h5 Nf8 46. g4 1-0

[Event "EYCC O18-ch 2024"]
[Site "Prague"]
[Date "2024.08.31"]
[Round "9.9"]
[White "Levin, Guy"]
[Black "Elmi, Saad Abobaker"]
[Result "1-0"]
[ECO "A14"]
[WhiteElo "2436"]
[BlackElo "2383"]
[Annotator "RC"]
[PlyCount "51"]
[EventDate "2024.08.19"]
[EventType "swiss"]
[EventCountry "CZE"]
[SourceTitle "playchess.com"]
[Source "ChessBase"]
[SourceQuality "1"]
[TimeControl "5400+30"]

1. c4 Nf6 2. g3 e6 3. Bg2 d5 4. Nf3 Be7 5. O-O O-O 6. d3 b6 7. cxd5 Nxd5 8. d4 Ba6 9. Nc3 Nxc3 10. bxc3 Nd7 11. Re1 Bb7 12. Qd3 c5 13. Ng5 Bxg5 14. Bxb7 Rb8 15. Bxg5 Qxg5 16. Qa6 Qd2 17. Bc6 Nf6 18. dxc5 bxc5 19. Qxa7 Qxc3 20. a4 c4 21. a5 Nd5 22. a6 Nb4 23. Be4 Qe5 24. Qxb8 Rxb8 25. a7 Nd5 26. Bxd5 1-0

[Event "EYCC O18-ch 2024"]
[Site "Prague"]
[Date "2024.08.31"]
[Round "9.10"]
[White "Fishchuk, Vladyslav"]
[Black "Borrmann, Laurenz"]
[Result "1/2-1/2"]
[ECO "E10"]
[WhiteElo "2264"]
[BlackElo "2427"]
[Annotator "RC"]
[PlyCount "46"]
[EventDate "2024.08.19"]
[EventType "swiss"]
[EventCountry "CZE"]
[SourceTitle "playchess.com"]
[Source "ChessBase"]
[SourceQuality "1"]
[TimeControl "5400+30"]

1. d4 Nf6 2. c4 e6 3. Nf3 c5 4. d5 b5 5. dxe6 fxe6 6. cxb5 d5 7. e3 Bd6 8. Nc3 O-O 9. e4 Bc7 10. Bd3 Nbd7 11. Qe2 Ne5 12. Nxe5 Bxe5 13. f4 Bxc3+ 14. bxc3 dxe4 15. Bc4 Nd5 16. Qxe4 Nxc3 17. Qd3 Qxd3 18. Bxd3 Rd8 19. Be2 Bb7 20. Bb2 Nxe2 21. Kxe2 Be4 22. Rhd1 Rd5 23. Rac1 a6 1/2-1/2

[Event "EYCC O18-ch 2024"]
[Site "Prague"]
[Date "2024.08.31"]
[Round "9.11"]
[White "Sachilaru, Alexandru"]
[Black "Hrbek, Stepan"]
[Result "1/2-1/2"]
[ECO "C70"]
[WhiteElo "2255"]
[BlackElo "2414"]
[Annotator "RC"]
[PlyCount "120"]
[EventDate "2024.08.19"]
[EventType "swiss"]
[EventCountry "CZE"]
[SourceTitle "playchess.com"]
[Source "ChessBase"]
[SourceQuality "1"]
[TimeControl "5400+30"]

1. e4 e5 2. Nf3 Nc6 3. Bb5 a6 4. Ba4 Bc5 5. O-O Nge7 6. c3 Ng6 7. d4 Ba7 8. Bg5 f6 9. Be3 O-O 10. Re1 d6 11. Nbd2 Kh8 12. h3 exd4 13. cxd4 d5 14. Bxc6 bxc6 15. Rc1 dxe4 16. Nxe4 Be6 17. Nc5 Bxc5 18. Rxc5 Bd5 19. Rc3 a5 20. b3 Qd6 21. Bc1 Ne7 22. Bf4 Qd7 23. Nd2 Ng6 24. Bg3 f5 25. Be5 f4 26. Qg4 Qxg4 27. hxg4 Rfe8 28. Rcc1 Nxe5 29. dxe5 a4 30. Nf3 axb3 31. axb3 Kg8 32. Nd4 Ra6 33. Rc3 Rb6 34. f3 Kf8 35. Kf2 Ra8 36. Rec1 Ra2+ 37. R1c2 Rxc2+ 38. Rxc2 Rb4 39. Nxc6 Rxb3 40. Nd4 Rb4 41. Ne2 c6 42. g3 g5 43. gxf4 gxf4 44. Nc3 Rc4 45. Ke2 c5 46. Rd2 Rxc3 47. Rxd5 Ke7 48. Kd2 Rxf3 49. Rxc5 Ke6 50. Ke2 Rg3 51. Rc7 Rh3 52. Rc5 Rg3 53. Rc7 h6 54. Rc6+ Kxe5 55. Rxh6 Rxg4 56. Kf3 Rg3+ 57. Kf2 Kf5 58. Rh8 Rg6 59. Kf3 Rg3+ 60. Kf2 Rg6 1/2-1/2

[Event "EYCC O18-ch 2024"]
[Site "Prague"]
[Date "2024.08.31"]
[Round "9.12"]
[White "Hak, David"]
[Black "Karolczuk, Iwo"]
[Result "0-1"]
[ECO "E10"]
[WhiteElo "2239"]
[BlackElo "2356"]
[Annotator "RC"]
[PlyCount "74"]
[EventDate "2024.08.19"]
[EventType "swiss"]
[EventCountry "CZE"]
[SourceTitle "playchess.com"]
[Source "ChessBase"]
[SourceQuality "1"]
[TimeControl "5400+30"]

1. d4 Nf6 2. c4 e6 3. Nf3 a6 4. Nc3 Bb4 5. Bd2 O-O 6. c5 d6 7. cxd6 cxd6 8. a3 Ba5 9. b4 Bb6 10. e4 Nc6 11. Be3 Ng4 12. Bg5 f6 13. Bc1 f5 14. exf5 Nxd4 15. Nxd4 Nxf2 16. Kxf2 Qh4+ 17. Ke3 e5 18. Kd2 Qxd4+ 19. Bd3 Bxf5 20. Qb3+ Kh8 21. Qd5 e4 22. Qxd4 Bxd4 23. Bb2 exd3 24. Nd1 Bb6 25. Ne3 Be4 26. Rhf1 d5 27. g4 Rae8 28. Rxf8+ Rxf8 29. Nf5 Rf7 30. Rc1 h5 31. Bxg7+ Rxg7 32. Nxg7 Kxg7 33. gxh5 Bd8 34. h4 Bxh4 35. Rc7+ Kh6 36. Kc3 Bf6+ 37. Kd2 Bg5+ 0-1

[Event "EYCC O18-ch 2024"]
[Site "Prague"]
[Date "2024.08.31"]
[Round "9.13"]
[White "Palczert, Matyas"]
[Black "Valiyev, Shahin"]
[Result "1/2-1/2"]
[ECO "B97"]
[WhiteElo "2341"]
[BlackElo "2245"]
[Annotator "RC"]
[PlyCount "64"]
[EventDate "2024.08.19"]
[EventType "swiss"]
[EventCountry "CZE"]
[SourceTitle "playchess.com"]
[Source "ChessBase"]
[SourceQuality "1"]
[TimeControl "5400+30"]

1. e4 c5 2. Nf3 d6 3. d4 cxd4 4. Nxd4 Nf6 5. Nc3 a6 6. Bg5 e6 7. f4 Qb6 8. Qd2 Qxb2 9. Rb1 Qa3 10. e5 h6 11. Bh4 dxe5 12. fxe5 Nd5 13. Nxd5 exd5 14. e6 Bxe6 15. Nxe6 fxe6 16. Bd3 Be7 17. Bg6+ Kd8 18. Bxe7+ Qxe7 19. O-O Nd7 20. Rf7 Qc5+ 21. Kh1 Rc8 22. Qe1 Rf8 23. Qxe6 Rxf7 24. Qxf7 Qe7 25. Qxd5 Qe5 26. Qd3 Kc7 27. Qf3 Nc5 28. Bd3 Re8 29. h3 Re6 30. Qg4 Kb8 31. Rf1 Rf6 32. Rxf6 Qxf6 1/2-1/2

[Event "EYCC O18-ch 2024"]
[Site "Prague"]
[Date "2024.08.31"]
[Round "9.14"]
[White "Baranciuc, Alexandr"]
[Black "Nastore, Pavel-Alexandru"]
[Result "1-0"]
[ECO "E04"]
[WhiteElo "2332"]
[BlackElo "2233"]
[Annotator "RC"]
[PlyCount "67"]
[EventDate "2024.08.19"]
[EventType "swiss"]
[EventCountry "CZE"]
[SourceTitle "playchess.com"]
[Source "ChessBase"]
[SourceQuality "1"]
[TimeControl "5400+30"]

1. d4 d5 2. c4 e6 3. Nf3 Nf6 4. g3 dxc4 5. Bg2 a6 6. Ne5 Bb4+ 7. Nc3 Nd5 8. O-O Nxc3 9. bxc3 Bxc3 10. Rb1 Qxd4 11. Qa4+ b5 12. Qa3 Qxe5 13. Bf4 Qf6 14. Bxc7 Ra7 15. Bxb8 Rd7 16. Bc6 b4 17. Bxd7+ Bxd7 18. Qxa6 O-O 19. Rbd1 Bc8 20. Qxc4 e5 21. Bd6 Be6 22. Qb5 Rc8 23. Bxb4 Bd4 24. Rc1 Rd8 25. Bc3 Bxa2 26. Bxd4 exd4 27. Rc6 Be6 28. Rd6 h6 29. Rxd8+ Qxd8 30. Rd1 Qa8 31. f3 Bh3 32. Kf2 Qa3 33. Qe8+ Kh7 34. Qe4+ 1-0

[Event "EYCC O18-ch 2024"]
[Site "Prague"]
[Date "2024.08.31"]
[Round "9.15"]
[White "Bermudez Ureba, Juan Diego"]
[Black "Slagboom, Leandro"]
[Result "0-1"]
[ECO "C78"]
[WhiteElo "2183"]
[BlackElo "2331"]
[Annotator "RC"]
[PlyCount "75"]
[EventDate "2024.08.19"]
[EventType "swiss"]
[EventCountry "CZE"]
[SourceTitle "playchess.com"]
[Source "ChessBase"]
[SourceQuality "1"]
[TimeControl "5400+30"]

1. e4 e5 2. Nf3 Nc6 3. Bb5 a6 4. Ba4 Nf6 5. O-O Bc5 6. Nxe5 Nxe5 7. d4 b5 8. dxe5 Nxe4 9. Bb3 Bb7 10. Bf4 Qh4 11. Be3 Bxe3 12. fxe3 O-O 13. Bd5 Bxd5 14. Qxd5 d6 15. exd6 Rad8 16. Nd2 Nxd2 17. Rf4 Qh6 18. Qxd2 Rxd6 19. Qc3 Qg6 20. e4 Rc6 21. Qd3 Qe6 22. c3 Rd6 23. Qf3 Rd2 24. b3 f6 25. Rf5 Re8 26. e5 fxe5 27. Rf1 h6 28. Qg3 Kh7 29. Rf7 Qb6+ 30. Kh1 Qg6 31. Rxc7 Rf8 32. Qxg6+ Kxg6 33. Rc6+ Kh7 34. Kg1 Rxf1+ 35. Kxf1 Rxa2 36. c4 b4 37. Rb6 a5 38. Rb5 0-1

[Event "EYCC O18-ch 2024"]
[Site "Prague"]
[Date "2024.08.31"]
[Round "9.16"]
[White "Koutlas, Nikolaos"]
[Black "Loftgaard, Mikkel Vinh"]
[Result "1-0"]
[ECO "B30"]
[WhiteElo "2322"]
[BlackElo "2227"]
[Annotator "RC"]
[PlyCount "67"]
[EventDate "2024.08.19"]
[EventType "swiss"]
[EventCountry "CZE"]
[SourceTitle "playchess.com"]
[Source "ChessBase"]
[SourceQuality "1"]
[TimeControl "5400+30"]

1. e4 c5 2. Nf3 Nc6 3. Bc4 e6 4. O-O d6 5. Re1 Nf6 6. d3 Be7 7. c3 O-O 8. Bb3 e5 9. h3 h6 10. d4 cxd4 11. cxd4 exd4 12. Nxd4 Nxd4 13. Qxd4 Nd7 14. Nc3 Nc5 15. Bc2 Bf6 16. Qd1 Be6 17. Qh5 Bxc3 18. bxc3 Qf6 19. Re3 Qe5 20. Qe2 Rfe8 21. Rg3 Kh8 22. Be3 Nxe4 23. Bxe4 Qxe4 24. Rxg7 Rg8 25. Rxg8+ Kxg8 26. Rd1 Kh7 27. Rd4 Qb1+ 28. Kh2 Rg8 29. Qf3 Rg6 30. g4 Qb5 31. Rxd6 Qe5+ 32. Bf4 Qa5 33. Qxb7 Qxc3 34. Rxe6 1-0

[Event "EYCC O18-ch 2024"]
[Site "Prague"]
[Date "2024.08.31"]
[Round "9.17"]
[White "Backiel, Hubert"]
[Black "Soderstrom, Adrian"]
[Result "1/2-1/2"]
[ECO "C88"]
[WhiteElo "2216"]
[BlackElo "2318"]
[Annotator "RC"]
[PlyCount "41"]
[EventDate "2024.08.19"]
[EventType "swiss"]
[EventCountry "CZE"]
[SourceTitle "playchess.com"]
[Source "ChessBase"]
[SourceQuality "1"]
[TimeControl "5400+30"]

1. e4 e5 2. Nf3 Nc6 3. Bb5 a6 4. Ba4 Nf6 5. O-O Be7 6. Re1 b5 7. Bb3 O-O 8. h3 Bb7 9. d3 d5 10. exd5 Nxd5 11. Nxe5 Nd4 12. Nc3 Nb4 13. Ne4 Nxb3 14. axb3 f6 15. Nf3 f5 16. Neg5 Bxg5 17. Nxg5 Qd5 18. Nf3 Qd7 19. Ne5 Qd5 20. Nf3 Qd7 21. Ne5 1/2-1/2

[Event "EYCC O18-ch 2024"]
[Site "Prague"]
[Date "2024.08.31"]
[Round "9.18"]
[White "Garcia Fernandez, Victor"]
[Black "Engin, Onur Cinar"]
[Result "0-1"]
[ECO "D10"]
[WhiteElo "2313"]
[BlackElo "2215"]
[Annotator "RC"]
[PlyCount "92"]
[EventDate "2024.08.19"]
[EventType "swiss"]
[EventCountry "CZE"]
[SourceTitle "playchess.com"]
[Source "ChessBase"]
[SourceQuality "1"]
[TimeControl "5400+30"]

1. d4 d5 2. c4 c6 3. cxd5 cxd5 4. Nc3 Nf6 5. Nf3 Nc6 6. Ne5 Bd7 7. e3 e6 8. f4 Nxe5 9. fxe5 Ne4 10. Nxe4 dxe4 11. Be2 Qh4+ 12. g3 Qh3 13. Bf1 Qf5 14. Bg2 Bc6 15. Bd2 Be7 16. Qe2 Rc8 17. Rc1 O-O 18. Qf2 Qxf2+ 19. Kxf2 f6 20. exf6 Bxf6 21. Ke1 Bd5 22. Rxc8 Rxc8 23. Bc3 Bg5 24. Ke2 b5 25. a3 Rf8 26. Bd2 Bc4+ 27. Ke1 Bd5 28. h4 Be7 29. Bf1 Bd6 30. Rg1 Rf3 31. Bxb5 Bxg3+ 32. Ke2 Bxh4 33. a4 Rh3 34. Kf1 h6 35. Be2 Rf3+ 36. Bxf3 exf3 37. Rh1 Bc4+ 38. Kg1 f2+ 39. Kh2 f1=Q 40. Rxf1 Bxf1 41. b4 a6 42. e4 Bf2 43. Bc3 g5 44. d5 exd5 45. exd5 h5 46. Be5 h4 0-1